 Dungeon Crawl Stone Soup version 0.26-a0-846-gcc8f1ee719 (webtiles) character file.

Game seed: 18345589649795553508

394 jestyr24 the Chiller (level 6, -9/33 HPs)
             Began as a Deep Elf Ice Elementalist on Nov 20, 2020.
             Killed by nerve-wracking pain
             ... invoked by a shadow imp
             ... summoned by Eustachio
              (13 damage)
             ... on level 4 of the Dungeon.
             The game lasted 00:19:14 (3434 turns).

jestyr24 the Chiller (Deep Elf Ice Elementalist)    Turns: 3434, Time: 00:19:15

Health: -9/33      AC:  4    Str:  5    XL:     6   Next: 51%
Magic:  17/25      EV: 13    Int: 22    God:
Gold:   133        SH:  4    Dex: 15    Spells: 11/15 levels left

rFire    . . .     SeeInvis .   u - +2 long sword (holy)
rCold    . . .     Faith    .   t - +0 buckler
rNeg     . . .     Spirit   .   a - +0 robe
rPois    +         Reflect  .   (no helmet)
rElec    .         Harm     .   A - +0 cloak
rCorr    .         Rampage  .   g - +0 pair of gloves
MR       .....                  (no boots)
Stlth    ++........             (no amulet)
HPRegen  0.11/turn              e - ring of magical power
MPRegen  0.19/turn              l - ring of poison resistance

@: frozen ramparts
A: no striking features
a: no special abilities


You were on level 4 of the Dungeon.
You visited 1 branch of the dungeon, and saw 4 of its levels.

You collected 133 gold pieces.

Inventory:

Hand Weapons
 r - a +2 dagger of draining
 u - a +2 long sword of holy wrath (weapon)
Missiles
 b - 5 boomerangs
 f - 179 stones (quivered)
 j - 8 poisoned darts
 o - 5 atropa-tipped darts
Armour
 a - a +0 robe (worn)
 g - a +0 pair of gloves (worn)
 t - a +0 buckler (worn)
 A - a +0 cloak (worn)
Jewellery
 e - a ring of magical power (left hand)
 k - an uncursed ring of protection from magic
 l - a ring of poison resistance (right hand)
Scrolls
 i - a scroll of amnesia {unknown}
 m - a scroll of magic mapping {unknown}
 p - 3 scrolls of identify
 q - 5 scrolls of teleportation
 y - 3 scrolls of remove curse
 z - a scroll of fog
Potions
 c - 3 potions of might
 d - a potion of berserk rage {unknown}
 h - 3 potions of brilliance {unknown}
 n - 3 potions of degeneration {unknown}
 s - a potion of attraction {unknown}
 w - 2 potions of lignification {unknown}
 x - 3 potions of heal wounds {unknown}


   Skills:
 + Level 0.9 Fighting
 - Level 0.9(1.1) Short Blades
 - Level 0.9(1.1) Long Blades
 + Level 3.6 Dodging
 + Level 3.5 Stealth
 + Level 0.7 Shields
 + Level 5.4 Spellcasting
 + Level 6.2 Ice Magic


You had 11 spell levels left.
You knew the following spells:

 Your Spells              Type           Power        Failure   Level
a - Freeze                Ice            ####         1%          1
b - Frozen Ramparts       Ice            ####..       3%          3

Your spell library contained the following spells:

 Spells                   Type           Power        Failure   Level
 Ozocubu's Armour         Ice            ####....     3%          3
 Animate Skeleton         Necr           #.....       14%         1
 Apportation              Tloc           #.....       14%         1
 Corona                   Hex            #......      14%         1
 Summon Small Mammal      Summ           #...         14%         1
 Hailstorm                Conj/Ice       ###.....     38%         4
 Summon Ice Beast         Ice/Summ       ###.....     38%         4


Dungeon Overview and Level Annotations

Branches:
Dungeon (4/15)
 Temple: D:4-7

Altars:
Nemelex Xobeh

Annotations:
D:4 Eustachio


Message History

The ufetubus completely resists.
The wall freezes the ufetubus but do no damage.
The ufetubus hits you.
* * * LOW HITPOINT WARNING * * *
The ufetubus hits you.
* * * LOW HITPOINT WARNING * * *
Unknown command.
Casting: Freeze (safe; 1% risk of failure)
Confirm with . or Enter, or press ? or * to list all spells.
Aiming: Freeze (safe; 1% risk of failure)
Press: ? - help, Shift-Dir - straight line, f - ufetubus, p - Eustachio
Aim: an ufetubus (translocational energy, heavily wounded, summoned)
The ufetubus resists.
You freeze the ufetubus.
You kill the ufetubus!
Eustachio resists.
The wall freezes Eustachio.
Eustachio gestures wildly while chanting.
The shadow imp resists.
The wall freezes the shadow imp.
The shadow imp gestures at you. Pain shoots through your body!
You die...

##.##. #........>.#
.... #..........#
#.#.# #..........#
#....# #..........#
#...##..........#
#...#############
###..## .....
#.####..#####......
#......b@.†@§).....
###########55....?.
##..?.... ....[..
....... .......
....... .......


You could see Eustachio (resistant), a shadow imp (summoned), an ufetubus
(summoned) and a bat (summoned).

Vanquished Creatures
  An ogre (D:4)
  3 hounds (D:4)
  Jessica (D:2)
  An orc wizard (D:4)
  A worker ant (D:4)
  A hound skeleton (D:4)
  A howler monkey skeleton (D:4)
  2 adders
  2 oozes
  2 adder skeletons (D:4)
  2 worms
  2 dart slugs
  3 leopard geckos
  8 orcs
  A ball python (D:3)
  6 giant cockroaches
  7 goblins
  7 hobgoblins
  6 jackals
  5 kobolds
  3 quokkas
  4 bats (D:2)
  5 frilled lizards
  A jackal skeleton (D:4)
  3 rats
78 creatures vanquished.

Notes
Turn   | Place    | Note
-------+----------+-------------------------------------------
     0 | D:1      | jestyr24 the Deep Elf Ice Elementalist began the quest for
                  | the Orb.
     0 | D:1      | Reached XP level 1. HP: 10/10 MP: 6/6
   351 | D:1      | Reached XP level 2. HP: 15/15 MP: 8/8
   590 | D:1      | Reached skill level 5 in Ice Magic
   866 | D:1      | Reached XP level 3. HP: 19/19 MP: 10/10
  1074 | D:2      | Found a sparkling altar of Nemelex Xobeh.
  1395 | D:2      | Noticed Jessica
  1399 | D:2      | Killed Jessica
  1400 | D:2      | Reached XP level 4. HP: 24/24 MP: 12/12
  1972 | D:3      | Learned a level 3 spell: Frozen Ramparts
  2683 | D:4      | Reached XP level 5. HP: 28/28 MP: 14/14
  2740 | D:4      | Reached skill level 5 in Spellcasting
  2753 | D:4      | Noticed an ogre
  2768 | D:4      | Killed an ogre
  2769 | D:4      | Reached skill level 6 in Ice Magic
  2827 | D:4      | Reached XP level 6. HP: 15/33 MP: 15/15
  3393 | D:4      | Noticed Eustachio
  3434 | D:4      | Killed from afar by a shadow imp

Illustrated notes

Levels and vault maps discovered:
D:1:      dpeg_arrival_rhombus, layout_basic, st_stairs_12
D:2:      wander_river, layout_basic, nemelex_xobeh_ov_fountains_minmay,
          chequers_serial_rivers_micro_c, uniq_jessica
D:3:      layout_loops_ring, minmay_distorted
D:4:      layout_rooms, uniq_eustachio

Skill      XL: |  1  2  3  4  5 |
---------------+----------------+-----
Ice Magic      | 5 6 |  6.2
Spellcasting   | 4 5 |  5.4
Dodging        | 3 |  3.6
Stealth        | 3 |  3.5
Fighting       | |  0.9
Short Blades   | |  0.9
Long Blades    | |  0.9
Shields        | |  0.7

Action                   |  1- 3 |  4- 6 || total
-------------------------+-------+-------++-------
Melee: Dagger            |       |    61 ||    61
       Long sword        |       |    47 ||    47
 Cast: Freeze            |    53 |    26 ||    79
       Frozen Ramparts   |       |     6 ||     6
  Use: Scroll            |     3 |     2 ||     5
 Stab: Sleeping          |       |     4 ||     4
Armor: Robe              |     7 |    18 ||    25
Dodge: Dodged            |    25 |    81 ||   106
Block: Buckler           |       |    25 ||    25
       Rpst.: Long sword |       |    11 ||    11

Table legend: (Time is in decaauts)
 A = Elapsed time spent in this place.
 B = Non-inter-level travel time spent in this place.
 C = Inter-level travel time spent in this place.
 D = Time resting spent in this place.
 E = Time spent auto-exploring this place.
 F = Levels seen in this place.
 G = Mean time per level.
                   A        B        C        D        E       F      G
               +--------+--------+--------+--------+--------+-----+--------+
         Total |   3450 |   3343 |    107 |    993 |   1209 |   4 |  862.5 |
       Dungeon |   3450 |   3343 |    107 |    993 |   1209 |   4 |  862.5 |
               +--------+--------+--------+--------+--------+-----+--------+

Top non-repeatable levels by time:
     D:1: 1073 daAuts
     D:3: 931 daAuts
     D:4: 773 daAuts
     D:2: 672 daAuts
